 Dungeon Crawl Stone Soup version 0.17-a0-2208-ge5ab1d3 (webtiles) character file.

46 kae the Insei (level 3, 0/23 HPs)
             Began as an Octopode Transmuter on Oct 26, 2015.
             Slain by Terence
             ... wielding a cursed +0 mace
              (5 damage)
             ... on level 1 of the Dungeon.
             The game lasted 00:02:57 (1792 turns).

kae the Insei (Octopode Transmuter)                 Turns: 1792, Time: 00:02:57

Health: 0/23       AC:  1    Str:  9      XL:     3   Next: 68%
Magic:  5/6        EV: 12    Int: 15      God:
Gold:   47         SH:  0    Dex: 10 (13) Spells: 3 memorised, 0 levels left

rFire  . . .     SeeInvis .       - Unarmed
rCold  . . .     Clarity  .     (no shield)
rNeg   . . .     SustAt   .     (helmet restricted)
rPois  .         Gourm    .     (no amulet)
rElec  .         Spirit   .     (no ring)
rCorr  .         Warding  .     (no ring)
rMut   .         Stasis   .     (no ring)
MR     .....                    (no ring)
Stlth  ++........               (no ring)
                                (no ring)
                                (no ring)
                                (no ring)

@: not resistant to hostile enchantments, unstealthy
A: almost no armour, amphibious, 8 rings, constrict 8, camouflage 1, gelatinous
body 1
a: no special abilities


You were on level 1 of the Dungeon.
You were very hungry.

You visited 1 branch of the dungeon, and saw 2 of its levels.

You collected 47 gold pieces.

Inventory:

Missiles
 a - 10 arrows
Potions
 e - a potion of degeneration
Books
 b - a book of Changes

   Spells                             Type                      Level
   a - Beastly Appendage              Transmutation                1
   b - Sticks to Snakes               Transmutation                2
   c - Spider Form                    Transmutation/Poison         3
   d - Ice Form                       Ice/Transmutation            4
   e - Blade Hands                    Transmutation                5
Comestibles
 c - a bread ration
 k - a beef jerky


   Skills:
 - Level 1.0 Fighting
 - Level 2.0 Dodging
 + Level 4.5 Unarmed Combat
 - Level 2.0 Spellcasting
 - Level 2.0 Transmutations


You couldn't memorise any spells.
You knew the following spells:

 Your Spells              Type           Power        Failure   Level  Hunger
a - Beastly Appendage     Trmt           #.....       12%         1    #......
b - Sticks to Snakes      Trmt           #.........   14%         2    ###....
c - Spider Form           Trmt/Pois      #.........   43%         3    ###....


Dungeon Overview and Level Annotations

Branches:
Dungeon (2/15)

Altars:

Annotations:
D:1 Terence
D:2 Jessica


Innate Abilities, Weirdness & Mutations

You cannot wear most types of armour.
You are amphibious.
You can wear up to eight rings at the same time.
You can use your tentacles to constrict eight enemies at once.
Your skin changes colour to match your surroundings (Stealth).
Your rubbery body absorbs attacks (AC +1).


Message History

Level annotation: Terence
There is a stone staircase leading down here.
Unknown command.
Terence says, "Time to say good-bye..."
Really attack while wielding your 10 arrows? [Y]es or [N]o only, please.
Really attack while wielding your 10 arrows? [Y]es or [N]o only, please.
Really attack while wielding your 10 arrows?
Okay, then.
Unknown command.
You are now empty-tentacled.
You completely miss the giant newt. Your grab misses the giant newt.
You squeeze the giant newt.
You kill the giant newt!
Terence closely misses you.
You see here a giant newt corpse.
You closely miss Terence. You grab Terence. You constrict Terence.
Terence hits you with a mace.
You die...

#.........>### #.#....l..♣♣♣...
#.########...###.#######.P.♣♣..
#.# #...#...........# #....P♣..
#.# #.#.#.####...##.# #.##P....
#.# #.#.#@# ######.# #.##.....
#.# #.#.#.### #.# #.####### #.#
#.#.....# #.# #.# #.#
#..♣.♣#♣#♣#♣#♣#.# #.# #.#
#........@@.....# #.#
#.#####♣#♣#♣#♣#♣#♣..# #.#
#...........# ##.###.#
############# #.....# #######


You could see Terence.

Vanquished Creatures
  A gnoll (D:1)
  2 oozes (D:1)
  A giant gecko (D:1)
  3 hobgoblins (D:1)
  4 jackals (D:2)
  2 kobolds (D:1)
  A ball python (D:1)
  3 bats
  3 giant newts (D:1)
  4 goblins
  4 rats
28 creatures vanquished.

Notes
Turn   | Place    | Note
--------------------------------------------------------------
     0 | D:1      | kae the Octopode Transmuter began the quest for the Orb.
     0 | D:1      | Reached XP level 1. HP: 13/13 MP: 3/3
   248 | D:1      | Reached XP level 2. HP: 11/18 MP: 1/5
   604 | D:1      | Reached skill level 4 in Unarmed Combat
   809 | D:1      | Reached XP level 3. HP: 17/23 MP: 6/6
  1096 | D:1      | Learned a level 2 spell: Sticks to Snakes
  1100 | D:1      | Learned a level 3 spell: Spider Form
  1527 | D:2      | Noticed Jessica
  1538 | D:2      | Noticed Terence
  1550 | D:1      | HP: 1/23 [Terence/mace (2)]
  1736 | D:1      | HP: 1/23 [Terence/mace (5)]
  1792 | D:1      | Slain by Terence

Vault maps used:
D:1:      sevenhm_arrival_forest_fort_large_3, serial_forest,
          infiniplex_forest_lined_corner, infiniplex_forest_lined_2,
          infiniplex_forest_lined_corner, infiniplex_forest_corner_2,
          infiniplex_forest_lined_3, infiniplex_forest_clump_small
D:2:      serial_forest, infiniplex_forest_straight_4,
          infiniplex_forest_clump_diagonal, infiniplex_forest_lined_3,
          infiniplex_forest_lined_corner, infiniplex_forest_clump_tiny,
          infiniplex_forest_lined_corner, infiniplex_forest_lined_room_,
          st_stairs_9, uniq_terence, uniq_jessica, uniq_natasha

Action                   || total
-------------------------++-------
Melee: Unarmed           ||    75
 Cast: Beastly Appendage ||     2
       Sticks to Snakes  ||     2
       Spider Form       ||     1
  Use: Potion            ||     3
       Scroll            ||     4
 Stab: Sleeping          ||     4
       Distracted        ||     1
  Eat: Chunk             ||     2
